 Dungeon Crawl Stone Soup version 0.25-a0-1119-g28b6fd0c3b (webtiles) character file.

Game seed: 5312991825687150892, levelgen mode: deterministic

63 Gwenloh the Poker (level 4, -3/37 HPs)
             Began as a Merfolk Gladiator on May 18, 2020.
             Slain by an ice beast (12 damage)
             ... on level 2 of the Dungeon.
             The game lasted 00:04:36 (990 turns).

Gwenloh the Poker (Merfolk Gladiator)                Turns: 990, Time: 00:04:37

Health: -3/37      AC:  5    Str: 13 (14) XL:     4   Next: 10%
Magic:  4/4        EV: 13    Int:  6 (7)  God:
Gold:   104        SH:  0    Dex: 17 (18) Spells: 3/3 levels left

rFire    . . .     SeeInvis .   a - +0 trident
rCold    . . .     Gourm    .   (no shield)
rNeg     . . .     Faith    .   i - +0 ring mail
rPois    .         Spirit   .   (helmet restricted)
rElec    .         Reflect  .   (no cloak)
rCorr    .         Harm     .   (no gloves)
MR       .....                  (no boots)
Stlth    +.........             (no amulet)
HPRegen  0.12/turn              (no ring)
MPRegen  0.09/turn              (no ring)

@: no status effects
A: change form in water, swift swim, stealthy swim, antennae 1, agile 1, robust
1
a: no special abilities


You were on level 2 of the Dungeon.
You were not hungry.

You visited 1 branch of the dungeon, and saw 2 of its levels.

You collected 104 gold pieces.

Inventory:

Hand Weapons
 a - a +0 trident (weapon)
Missiles
 o - 47 stones (quivered)
Armour
 b - a +0 leather armour
 c - a +0 helmet
 i - a +0 ring mail (worn)
 q - a +0 scale mail
Scrolls
 e - 2 scrolls of identify {unknown}
 g - 2 scrolls of teleportation {unknown}
 k - 2 scrolls of remove curse {unknown}
 l - 2 scrolls of enchant armour {unknown}
 m - a scroll of enchant weapon {unknown}
Potions
 n - a potion of curing {unknown}
 p - a potion of mutation
 r - a potion of might {unknown}
Comestibles
 f - 2 rations
 h - 5 chunks of flesh


   Skills:
 + Level 2.7 Fighting
 * Level 5.4 Polearms
 + Level 2.4 Throwing
 * Level 4.9 Dodging


You had 3 spell levels left.
You didn't know any spells.
Your spell library was empty.

Dungeon Overview and Level Annotations

Branches:
Dungeon (2/15)

Altars:
Dithmenos
Qazlal


Innate Abilities, Weirdness & Mutations

You revert to your normal form in water.
You are very nimble and swift while swimming.
You are very stealthy in the water. (Stealth+)
You have a pair of small antennae on your head.
You are agile. (Dex +2)
You are robust. (+10% HP)


Message History

You feel weakened.
You feel dopey.
You feel clumsy. The ice beast closely misses you.
You closely miss the ice beast.
The ice beast is lightly wounded.
The ice beast barely misses you.
You hit the ice beast.
The ice beast is moderately wounded.
The ice beast hits you but does no damage.
You hit the ice beast but do no damage.
The ice beast is moderately wounded.
The ice beast hits you but does no damage.
You closely miss the ice beast.
The ice beast is moderately wounded.
The ice beast barely misses you.
You hit the ice beast.
The ice beast is moderately wounded.
The ice beast hits you.
* * * LOW HITPOINT WARNING * * *
The ice beast freezes you!
You die...

##### ### ## ##...## #.. .##
#.....## #..#..## .......# #..#...
.......# ##...#.
.......####################..รท.#.
...............Y@)...........#.#.
..<....###.......#########.###...
.......# #######..# #......#.
.......# ##.# #..###... #.....##
#.#######.## ####
.#....###########.........# ####
.####.##...##...#.######..####...
.# #.#.......>...# ##.........
...##.............## #...#####..


You could see an ice beast.

Vanquished Creatures
  Terence (D:2)
  An adder (D:2)
  A ball python (D:1)
  A giant cockroach (D:2)
  5 hobgoblins
  4 bats
  A frilled lizard (D:2)
  4 goblins
  5 kobolds
  5 rats (D:1)
28 creatures vanquished.

Notes
Turn   | Place    | Note
-------+----------+-------------------------------------------
     0 | D:1      | Gwenloh the Merfolk Gladiator began the quest for the Orb.
     0 | D:1      | Reached XP level 1. HP: 16/16 MP: 1/1
   295 | D:1      | Reached XP level 2. HP: 22/22 MP: 2/2
   684 | D:2      | Found a stormy altar of Qazlal.
   710 | D:2      | Found a shadowy altar of Dithmenos.
   744 | D:2      | Reached skill level 5 in Polearms
   744 | D:2      | Reached XP level 3. HP: 28/28 MP: 3/3
   759 | D:2      | Noticed Terence
   771 | D:2      | Killed Terence
   771 | D:2      | Reached XP level 4. HP: 33/34 MP: 4/4
   943 | D:2      | Noticed an ice beast
   978 | D:2      | Gained mutation: You have a pair of small antennae on your
                  | head. [potion of mutation]
   978 | D:2      | Gained mutation: You are robust. (+10% HP) [potion of
                  | mutation]
   978 | D:2      | Gained mutation: You are agile. (Dex +2) [potion of
                  | mutation]
   990 | D:2      | Slain by an ice beast

Illustrated notes

Levels and vault maps discovered:
D:1:      saegor_arrival_simple_a, layout_basic
D:2:      layout_rooms, nicolae_qazlal_general_emergency,
          nicolae_overflow_crystal_walls, first_ration,
          grunt_dithmenos_smoke_and_mirrors, uniq_terence

Skill      XL: |  1  2 |
---------------+-------+-----
Polearms       | 5 |  5.4
Fighting       | |  2.7
Throwing       | |  2.4
Dodging        | |  4.9

Action                   |  1- 3 |  4- 6 || total
-------------------------+-------+-------++-------
Melee: Trident           |    66 |    37 ||   103
Throw: Stone             |     8 |     7 ||    15
       Throwing net      |     7 |     1 ||     8
  Use: Potion            |       |     2 ||     2
 Stab: Held in net/web   |       |     1 ||     1
Armor: Ring mail         |    12 |     9 ||    21
Dodge: Dodged            |    24 |    16 ||    40

Table legend:
 A = Non-vault XP
 B = Vault XP
 C = Vault XP percentage of total XP
 D = Non-vault monster count
 E = Vault monster count
 F = Vault count percentage of total count
                 A         B        C        D         E       F
            +---------+---------+-------+---------+---------+-------
      Total |      55 |      36 |  39.6 |      27 |       1 |   3.6
            +---------+---------+-------+---------+---------+-------
        D:1 |      19 |       0 |   0.0 |      14 |       0 |   0.0
        D:2 |      36 |      36 |  50.0 |      13 |       1 |   7.1
            +---------+---------+-------+---------+---------+-------
